 Dungeon Crawl Stone Soup version 0.23.2-1-ga50397a (webtiles) character file.

Game seed: 2269190724033770388

100422 IBeShadow the Fighter (level 15, -2/126 HPs)
             Began as a Demonspawn Gladiator on May 17, 2019.
             Was a High Priest of Ashenzari.
             Slain by a sixfirhy (7 damage)
             ... summoned by Frances
             ... on level 2 of the Swamp.
             The game lasted 01:52:16 (40628 turns).

IBeShadow the Fighter (Demonspawn Gladiator)       Turns: 40628, Time: 01:52:16

Health: -2/126     AC: 20    Str: 18    XL:     15   Next: 80%
Magic:  0/23       EV: 19    Int: 22    God:    Ashenzari [*****.]
Gold:   1868       SH:  0    Dex: 21    Spells: 12/25 levels left

rFire    + . .     SeeInvis +   a - +0 quarterstaff (curse)
rCold    . . .     Gourm    .   (shield currently unavailable)
rNeg     . . .     Faith    .   N - +3 scale mail of the Four of Pentacles {Int+6} (curse)
rPois    .         Spirit   +   (helmet restricted)
rElec    .         Reflect  .   n - +0 cloak (curse)
rCorr    .         Harm     .   B - +0 pair of gloves
MR       +....     Clarity  +   (no boots)
Stlth    +.........             T - amulet of regeneration (curse)
HPRegen  0.71/turn              X - +5 ring of intelligence (curse)
MPRegen  0.36/turn              R - +4 ring of protection (curse)

@: agile, about to teleport
A: horns 2, slimy green scales 2, fire resistance 1, powered by pain 1, magic
shield, magic regeneration, magic link
a: Curse Item, Scrying, Transfer Knowledge, Renounce Religion


You were on level 2 of the Swamp.
You worshipped Ashenzari.
Ashenzari was extremely pleased with you.
You were near starving.

You visited 5 branches of the dungeon, and saw 25 of its levels.
You also visited: Ice Cave.

You collected 2017 gold pieces.
You spent 149 gold pieces at shops.

Inventory:

Hand Weapons
 a - a cursed +0 quarterstaff (weapon)
 A - the +0 whip "Lidu" {slash, rElec rPois rF- rN+++}
   (You found it on level 1 of the Swamp)

   It inflicts extra damage upon your enemies.
   It makes you vulnerable to fire.
   It insulates you from electricity.
   It protects you from poison.
   It renders you almost immune to negative energy.
Missiles
 d - 4 throwing nets (quivered)
Armour
 n - a cursed +0 cloak (worn)
 B - a +0 pair of gloves (worn)
 F - +0 swamp dragon scales
 N - the cursed +3 scale mail of the Four of Pentacles (worn) {Int+6}
   (You found it on level 9 of the Dungeon)

   It affects your intelligence (+6).
   It has a curse placed upon it.
Jewellery
 c - an uncursed ring of protection from magic
 G - an uncursed ring of protection from fire
 R - a cursed +4 ring of protection (right hand)
 T - a cursed amulet of regeneration (around neck)
 X - a cursed +5 ring of intelligence (left hand)
Wands
 q - a wand of random effects (14)
 t - a wand of acid (16)
 v - a wand of paralysis (17)
 x - a wand of digging (3)
 J - a wand of flame (53)
Scrolls
 b - 3 scrolls of fog
 e - a scroll of brand weapon {unknown}
 g - 2 scrolls of vulnerability
 h - 3 scrolls of identify
 j - 6 scrolls of remove curse
 o - a scroll of silence {unknown}
 p - 3 scrolls of amnesia
 r - 6 scrolls of teleportation
 w - 2 scrolls of blinking {unknown}
 y - 2 scrolls of immolation
 D - 4 scrolls of magic mapping
 E - a scroll of acquirement {unknown}
 K - a scroll of fear
 L - a scroll of holy word {unknown}
Potions
 i - 2 potions of haste {unknown}
 k - 5 potions of curing
 l - 7 potions of brilliance
 m - 2 potions of cancellation
 u - 4 potions of ambrosia
 z - a potion of flight
 C - a potion of invisibility {unknown}
 H - 2 potions of magic
 I - 3 potions of mutation
 M - 4 potions of lignification
 O - 5 potions of might
 P - a potion of degeneration {unknown}
 V - a potion of berserk rage {unknown}
 W - 2 potions of resistance
Comestibles
 f - 14 rations


   Skills:
 + Level 14.1 Fighting
 - Level 12.0(16.8) Staves
 - Level 1.7 Throwing
 + Level 5.9 Armour
 + Level 6.6 Dodging
 + Level 5.8 Spellcasting
 - Level 8.5(12.4) Hexes
 + Level 13.9(17.4) Summonings
 - Level 3.4(7.0) Ice Magic
 - Level 6.1(10.2) Air Magic
 * Level 3.9(7.6) Evocations


You had 12 spell levels left.
You knew the following spells:

 Your Spells              Type           Power        Failure   Level  Hunger
a - Call Imp              Summ           ######..     1%          2    None
b - Confuse               Hex            ######..     1%          3    ##.....
c - Summon Lightning Spi  Summ/Air       ######..     1%          4    ####...
d - Summon Ice Beast      Ice/Summ       ######..     1%          4    ####...

Your spell library contained the following spells:

 Spells                   Type           Power        Failure   Level  Hunger
 Confusing Touch          Hex            ######       1%          1    None
 Corona                   Hex            ######.      1%          1    None
 Freeze                   Ice            ####         1%          1    None
 Summon Small Mammal      Summ           ####         1%          1    None
 Ensorcelled Hibernation  Hex/Ice        #####.       1%          2    None
 Slow                     Hex            ######..     1%          2    None
 Call Canine Familiar     Summ           ######..     1%          3    ##.....
 Summon Guardian Golem    Hex/Summ       ######..     1%          3    ##.....
 Tukima's Dance           Hex            ######..     1%          3    ##.....
 Cause Fear               Hex            ######....   1%          4    ####...
 Shock                    Conj/Air       ####         3%          1    None
 Swiftness                Chrm/Air       ####....     4%          2    None
 Airstrike                Air            ######....   4%          4    ####...
 Dazzling Spray           Conj/Hex       #####.       5%          3    ##.....
 Inner Flame              Hex/Fire       #####...     5%          3    ##.....
 Portal Projectile        Hex/Tloc       #####.       5%          3    ##.....
 Silence                  Hex/Air        ######....   7%          5    #####..
 Throw Frost              Conj/Ice       ###...       9%          2    None
 Static Discharge         Conj/Air       ####....     9%          3    ##.....
 Metabolic Englaciation   Hex/Ice        #####.....   14%         5    #####..
 Ozocubu's Armour         Chrm/Ice       ###.....     17%         3    ##.....
 Fulminant Prism          Conj/Hex       #####.....   19%         4    ####...
 Leda's Liquefaction      Hex/Erth       #####.....   19%         4    ####...
 Animate Skeleton         Necr           N/A          22%         1    None
 Apportation              Tloc           #.....       22%         1    None
 Magic Dart               Conj           #...         22%         1    None
 Sting                    Conj/Pois      #...         22%         1    None
 Searing Ray              Conj           #.....       32%         2    None
 Yara's Violent Unravell  Hex/Tmut       #####.....   45%         5    #####..
 Throw Icicle             Conj/Ice       ###.....     50%         4    ####...
 Gell's Gravitas          Tloc           #.........   54%         3    ##.....
 Spider Form              Tmut/Pois      #.........   54%         3    ##.....
 Lightning Bolt           Conj/Air       ####......   63%         5    #####..
 Force Lance              Conj/Tloc      #.......     91%         4    ####...
 Iskenderun's Mystic Bla  Conj           #.......     91%         4    ####...
 Petrify                  Tmut/Erth      #.......     91%         4    ####...
 Conjure Ball Lightning   Conj/Air       ####......   99%         6    #######


Dungeon Overview and Level Annotations

Branches:
Dungeon (14/15)            Temple (1/1) D:6            Lair (6/6) D:9
  Swamp (2/4) Lair:2        Snake (0/4) Lair:4        Slime (0/5) Lair:5
    Orc (2/2) D:11            Elf (0/3) Orc:2        Vaults (0/5) D:14

Altars:
Ashenzari
Cheibriados
Dithmenos
Elyvilon
Fedhas
Gozag
Hepliaklqana
Kikubaaqudgha
Makhleb
Nemelex Xobeh
Okawaru
Qazlal
Ru
Sif Muna
Trog
Uskayaw
Vehumet
Wu Jian
Xom
Yredelemnul
Zin
The Shining One
Beogh

Shops:
D:5 **   D:6 *   D:8 ?   D:12 (   Orc:1 }   Orc:2 =[?

Annotations:
Lair:1 exclusion: 2 oklob plants
Lair:2 exclusion: oklob plant
Swamp:2 Frances


Innate Abilities, Weirdness & Mutations

You have a pair of horns on your head.
You are mostly covered in slimy green scales. (AC +3)
Your flesh is heat resistant. (rF+)
You sometimes gain a little power by taking damage.
When hurt, damage is shared between your health and your magic reserves.
You regenerate magic rapidly.
When low on magic, you restore magic in place of health.


Message History

* * * LOW HITPOINT WARNING * * *
The sixfirhy shocks you!
* * * LOW HITPOINT WARNING * * *
The sixfirhy completely misses you. The sixfirhy hits you.
* * * LOW HITPOINT WARNING * * *
The sixfirhy shocks you!
* * * LOW HITPOINT WARNING * * *
Frances says, "Show me proof of your conquests, and I will call you a great adventurer."
The sixfirhy hits you but does no damage.
Frances says, "Warriors are made for war and combat.
Do you call yourself a warrior?"
Okay, then.
Okay, then.
Press: ? - help, v - describe, . - travel The floor, spattered with blood.
As you read the scroll of fear, it crumbles to dust.
You assume a fearsome visage.
The sixfirhy is unaffected.
Frances looks frightened!
The sixfirhy is unaffected.
The sixfirhy hits you.
* * * LOW HITPOINT WARNING * * *
The sixfirhy shocks you!
You die...

♣♣♣≈≈≈≈.♣♣ ♣≈≈♣
♣♣≈≈.≈≈≈.♣♣ ♣♣♣*
♣..≈≈≈≈≈≈≈♣
♣.≈≈≈≈≈≈≈.♣ ♣♣♣♣**
♣.≈≈{8†...♣ ♣≈..≈♣♣
♣..≈♣≈..♣♣♣ ♣≈≈≈≈♣.
♣♣..≈♣...≈♣ ♣≈≈≈≈..
♣.^≈♣3@≈≈.♣ ♣♣♣.≈≈≈..
♣♣...@3≈≈≈.♣ ♣....≈≈≈♣
♣.≈§≈.≈≈≈≈.♣♣♣≈≈≈.≈.♣♣
♣.≈≈..≈≈≈≈.♣♣§.≈≈...♣♣
♣.≈≈>..≈≈..♣♣..§≈(.♣♣<
♣♣....≈≈≈≈≈≈......<...
♣≈..≈.≈≈≈≈≈≈.§≈≈..≈≈≈≈
♣♣.≈.....≈≈≈..≈≈.≈≈≈≈≈
♣♣.≈≈....≈≈..≈≈≈≈≈≈≈≈
♣≈≈♣♣≈.≈≈≈..≈≈≈≈≈...


You could see Frances (fleeing) and 2 sixfirhies.

Vanquished Creatures
  A thorn hunter (Swamp:2)
  Gastronok (D:8)
  2 catoblepae
  6 hydras
  3 centaur warriors
  2 dancing weapons (D:14)
  2 alligators
  A death knight (D:13)
  9 death yaks
  A deep troll shaman (Lair:6)
  6 two-headed ogres
  3 tengu warriors
  2 orc high priests
  5 slime creatures (D:13)
  5 skeletal warriors
  2 swamp dragons
  A lindwurm (Lair:6)
  5 orc knights
  2 orc sorcerers
  3 ugly things
  A cyclops (D:12)
  2 manticores (D:14)
  8 elephants
  4 black mambas
  3 centaur zombies
  A torpor snail (Lair:4)
  2 gargoyles
  Psyche (D:9)
  7 spiny frogs
  5 rime drakes
  3 komodo dragons
  2 tyrant leeches (Swamp:1)
  5 trolls
  13 polar bears
  6 hornets
  A bog body (Swamp:1)
  9 blink frogs
  11 hippogriffs
  2 wraiths
  11 wyverns
  36 yaks
  Eustachio (D:4)
  2 shadows
  5 basilisks
  A human (D:12)
  A hog (Swamp:2)
  A hungry ghost (D:13)
  6 vampire mosquitoes
  6 wargs
  Edmund (D:4)
  6 insubstantial wisps (Swamp:1)
  4 swamp worms (Swamp:1)
  4 nagas (Lair:4)
  5 water moccasins
  Duvessa (D:5)
  3 swamp drakes
  8 porcupines
  5 sky beasts
  A necrophage (D:10)
  3 ice beasts (D:9)
  16 ogres
  19 orc warriors
  2 eyes of draining
  A black bear (Lair:6)
  5 phantoms
  6 centaurs
  21 wolves
  14 crocodiles
  2 big kobolds
  Blork the orc (D:6)
  17 bullfrogs
  A gnoll sergeant (D:9)
  Dowan (D:5)
  A wyvern skeleton (D:6)
  3 scorpions
  6 killer bees (D:11)
  3 howler monkeys (D:9)
  14 wights
  An electric eel (D:14)
  5 crimson imps
  2 quasits
  14 orc priests
  4 jellies
  7 centaur skeletons
  5 hounds
  3 bullfrog skeletons
  Ijyb (D:5)
  4 iguanas
  27 orc wizards
  9 worker ants
  A hell rat (D:9)
  A hound skeleton (D:6)
  Robin (D:4)
  7 gnolls
  3 river rats (D:9)
  11 adders
  5 shadow imps
  An ooze (D:3)
  3 adder skeletons
  2 worms (D:2)
  2 dart slugs (D:3)
  4 leopard geckos
  62 orcs
  2 ball pythons
  8 bats
  6 giant cockroaches
  18 goblins
  4 hobgoblins
  7 jackals
  17 kobolds
  7 quokkas
  4 frilled lizards
  A giant cockroach zombie (D:5)
  2 jackal zombies
  A leopard gecko skeleton (D:4)
  A leopard gecko zombie (D:6)
  A quokka skeleton (D:8)
  2 quokka zombies
  6 rats
  2 fungi (Lair:2)
  A plant (Lair:6)
667 creatures vanquished.

Vanquished Creatures (collateral kills)
  Nikola (Swamp:1)
  Kirke (Swamp:1)
  A frost giant (IceCv)
  4 hydras
  2 catoblepae (Lair:6)
  2 shambling mangroves (Swamp:2)
  A centaur warrior (D:13)
  5 death yaks
  2 orc high priests (Orc:2)
  2 skeletal warriors
  A wizard (D:9)
  A swamp dragon (Swamp:1)
  An orc knight (Orc:2)
  4 orc sorcerers
  6 slime creatures
  2 oklob plants (Lair:1)
  An ice statue (IceCv)
  A black mamba (Lair:2)
  10 elephants
  7 spiny frogs
  A tengu conjurer (D:14)
  A hornet (Swamp:1)
  4 polar bears (IceCv)
  7 blink frogs
  2 bog bodies
  3 hippogriffs (Lair:6)
  A spriggan (D:12)
  4 wyverns (Lair:6)
  2 basilisks (Lair:6)
  A shadow (Swamp:2)
  3 hogs (Swamp:2)
  13 yaks
  4 vampire mosquitoes
  2 wargs
  5 swamp worms
  A hell hound (Lair:6)
  2 insubstantial wisps (Swamp:1)
  An ice beast (D:14)
  2 swamp drakes
  5 orc warriors
  An ogre (Orc:2)
  4 centaurs
  5 wolves
  3 crocodiles
  A bullfrog (D:10)
  A crimson imp (D:9)
  A jelly (D:13)
  4 orc priests
  7 orc wizards
  An iguana (D:9)
  17 orcs
  A fungus (Lair:5)
165 creatures vanquished.

Vanquished Creatures (others)
  A vampire mosquito (Swamp:1)
  A swamp drake (Swamp:1)
  2 orcs
  2 bushes (Lair:6)
  22 fungi
  31 plants
59 creatures vanquished.

Grand Total: 891 creatures vanquished

Notes
Turn   | Place    | Note
-------+----------+-------------------------------------------
     0 | D:1      | IBeShadow the Demonspawn Gladiator began the quest for the
                  | Orb.
     0 | D:1      | Reached XP level 1. HP: 16/16 MP: 1/1
   531 | D:1      | Gained mutation: When hurt, damage is shared between your
                  | health and your magic reserves. [demonic ancestry]
   531 | D:1      | Reached XP level 2. HP: 15/23 MP: 2/2
   967 | D:2      | Gained mutation: You regenerate magic rapidly. [demonic
                  | ancestry]
   967 | D:2      | Reached XP level 3. HP: 27/28 MP: 3/3
  1106 | D:2      | Reached skill level 3 in Fighting
  1486 | D:2      | Found a snail-covered altar of Cheibriados.
  1878 | D:3      | Found a stormy altar of Qazlal.
  1912 | D:3      | Found a bloodstained altar of Trog.
  2079 | D:3      | Reached skill level 8 in Fighting
  2079 | D:3      | Gained mutation: When low on magic, you restore magic in
                  | place of health. [demonic ancestry]
  2079 | D:3      | Reached XP level 4. HP: 25/44 MP: 4/4
  2094 | D:3      | Gained mutation: You are partially covered in slimy green
                  | scales. (AC +2) [demonic ancestry]
  2094 | D:3      | Reached XP level 5. HP: 29/49 MP: 5/5
  2256 | D:3      | Found a faded altar of an unknown god.
  2566 | D:3      | Found a hazy altar of Hepliaklqana.
  2566 | D:3      | Found a sparkling altar of Nemelex Xobeh.
  2870 | D:4      | Noticed Robin
  2906 | D:4      | Killed Robin
  3112 | D:4      | Noticed Edmund
  3124 | D:4      | Killed Edmund
  3124 | D:4      | Gained mutation: You have a pair of small horns on your
                  | head. [demonic ancestry]
  3124 | D:4      | Reached XP level 6. HP: 53/57 MP: 4/6
  3744 | D:4      | Noticed Eustachio
  3765 | D:4      | Killed Eustachio
  3765 | D:4      | Reached XP level 7. HP: 38/63 MP: 4/7
  4317 | D:5      | Entered Level 5 of the Dungeon
  4388 | D:5      | Noticed Ijyb
  4406 | D:5      | Killed Ijyb
  4527 | D:5      | Found Cycum's Serpentskin Sales.
  4749 | D:5      | Found Heez Buhu's Assorted Antiques.
  4784 | D:5      | Reached skill level 9 in Fighting
  5019 | D:5      | Gained mutation: You have a pair of horns on your head.
                  | [demonic ancestry]
  5019 | D:5      | Reached XP level 8. HP: 38/71 MP: 8/8
  5483 | D:6      | Noticed Dowan
  5484 | D:6      | Noticed Duvessa
  5698 | D:5      | Killed Duvessa
  5704 | D:5      | Killed Dowan
  5845 | D:6      | Learned a level 2 spell: Call Imp
  5878 | D:5      | Reached skill level 1 in Summonings
  6070 | D:6      | Reached skill level 1 in Spellcasting
  6177 | D:6      | Noticed Blork the orc
  6186 | D:6      | Killed Blork the orc
  6519 | D:5      | Gained mutation: You are mostly covered in slimy green
                  | scales. (AC +3) [demonic ancestry]
  6519 | D:5      | Reached XP level 9. HP: 73/78 MP: 11/11
  6884 | D:6      | Found Riddopruarph's General Store.
  6893 | D:6      | Bought a scroll of remove curse for 30 gold pieces
  6916 | D:6      | Found a staircase to the Ecumenical Temple.
  6964 | D:6      | Reached skill level 10 in Fighting
  7194 | Temple   | Entered the Ecumenical Temple
  7724 | D:7      | Found a burning altar of Makhleb.
  8173 | D:8      | Noticed a two-headed ogre
  8847 | D:7      | Killed a two-headed ogre
  9261 | D:8      | Found Tyaf's Magic Scroll Shoppe.
  9287 | D:8      | Bought a scroll of teleportation for 39 gold pieces
  9412 | D:8      | Noticed a two-headed ogre
  9436 | D:8      | Killed a two-headed ogre
  9436 | D:8      | Reached skill level 5 in Summonings
  9436 | D:8      | Gained mutation: You sometimes gain a little power by
                  | taking damage. [demonic ancestry]
  9436 | D:8      | Reached XP level 10. HP: 59/86 MP: 14/14
  9631 | D:8      | Found an iron altar of Okawaru.
  9642 | D:8      | Found a shattered altar of Ashenzari.
  9651 | D:8      | Found a basalt altar of Yredelemnul.
  9742 | D:8      | Became a worshipper of Ashenzari the Shackled
  9837 | D:9      | Noticed Psyche
  9848 | D:9      | Killed Psyche
 10096 | D:9      | Got the uncursed scale mail of the Four of Pentacles
                  | {Int+6}
 10111 | D:9      | Identified the +3 scale mail of the Four of Pentacles
                  | {Int+6} (You found it on level 9 of the Dungeon)
 10127 | D:9      | Reached skill level 10 in Staves
 10405 | D:9      | Noticed a two-headed ogre
 10421 | D:9      | Killed a two-headed ogre
 10647 | D:9      | Noticed an orc sorcerer
 10648 | D:9      | Noticed a wizard
 10657 | D:9      | Paralysed by a wizard for 6 turns
 10658 | D:9      | Killed an orc sorcerer
 10666 | D:9      | Killed a wizard
 10919 | D:9      | Identified Sif Muna's Tome of Air and Poisoning
 10934 | D:9      | Learned a level 3 spell: Confuse
 11265 | D:9      | Noticed a death yak
 11265 | D:9      | Noticed a death yak
 11265 | D:9      | Noticed a death yak
 11278 | D:9      | Reached skill level 1 in Hexes
 11289 | D:9      | Killed a death yak
 11974 | D:8      | Killed a death yak
 11974 | D:8      | Reached XP level 11. HP: 70/92 MP: 17/17
 12323 | D:8      | Noticed Gastronok
 12347 | D:8      | Killed Gastronok
 12347 | D:8      | Reached skill level 11 in Fighting
 12906 | D:9      | Found a staircase to the Lair.
 13152 | Lair:1   | Entered Level 1 of the Lair of Beasts
 13164 | Lair:1   | Reached * piety under Ashenzari
 14121 | Lair:1   | Noticed an oklob plant
 14121 | Lair:1   | Noticed an oklob plant
 14122 | Lair:1   | Noticed an oklob plant
 14122 | Lair:1   | Noticed an oklob plant
 15188 | Lair:2   | Noticed an oklob plant
 15204 | Lair:2   | Reached skill level 5 in Hexes
 15927 | Lair:2   | Reached ** piety under Ashenzari
 15929 | Lair:2   | Found a staircase to the Swamp.
 16034 | Lair:2   | Learned a level 4 spell: Summon Lightning Spire
 16046 | Lair:2   | Noticed a six-headed hydra
 17092 | Lair:2   | Killed a six-headed hydra
 17329 | Lair:3   | Reached skill level 1 in Air Magic
 17772 | Lair:3   | Reached XP level 12. HP: 82/100 MP: 18/18
 18479 | Lair:4   | Noticed a catoblepas
 18510 | Lair:4   | Killed a catoblepas
 19020 | Lair:4   | Found a gate leading to a gauntlet.
 19103 | Lair:4   | Reached *** piety under Ashenzari
 19163 | Lair:4   | Reached skill level 10 in Summonings
 20251 | Lair:4   | Noticed a four-headed hydra
 20283 | Lair:4   | Killed a four-headed hydra
 20886 | Lair:4   | Noticed a death yak
 20903 | Lair:4   | Killed a death yak
 20978 | Lair:4   | Noticed a death yak
 20998 | Lair:4   | Killed a death yak
 21315 | Lair:4   | Reached skill level 12 in Fighting
 21782 | Lair:4   | Found a staircase to the Snake Pit.
 22778 | Lair:5   | Gained mutation: Your flesh is heat resistant. (rF+)
                  | [demonic ancestry]
 22778 | Lair:5   | Reached XP level 13. HP: 99/108 MP: 19/19
 23234 | Lair:5   | Found a staircase to the Slime Pits.
 23666 | Lair:6   | Entered Level 6 of the Lair of Beasts
 25028 | Lair:6   | Reached skill level 5 in Air Magic
 25357 | Lair:6   | Reached **** piety under Ashenzari
 26834 | Lair:6   | Reached XP level 14. HP: 91/116 MP: 20/20
 27914 | Lair:1   | HP: 3/116 [acid (11)]
 28671 | D:10     | Entered Level 10 of the Dungeon
 29479 | D:10     | Reached skill level 1 in Armour
 30149 | D:11     | Reached skill level 13 in Fighting
 30439 | D:11     | Found a staircase to the Orcish Mines.
 30538 | D:12     | Found Jaudgh's Weapon Emporium.
 31031 | D:12     | Reached ***** piety under Ashenzari
 32462 | D:13     | Reached skill level 5 in Dodging
 32741 | Orc:1    | Entered Level 1 of the Orcish Mines
 32741 | Orc:1    | Found Cisol's Gadget Emporium.
 33092 | Orc:1    | Found a bloodstained altar of Trog.
 33338 | Orc:2    | Entered Level 2 of the Orcish Mines
 33622 | Orc:2    | Found a roughly hewn altar of Beogh.
 33812 | Orc:2    | Learned a level 4 spell: Summon Ice Beast
 34032 | Orc:2    | Found a staircase to the Elven Halls.
 34200 | Orc:2    | Reached skill level 1 in Ice Magic
 34200 | Orc:2    | Reached XP level 15. HP: 87/125 MP: 21/21
 34430 | Orc:2    | Found Togialon's Magic Scroll Shop.
 34430 | Orc:2    | Found Siatuut's Jewellery Emporium.
 34432 | Orc:2    | Found Qoykkis's Antique Weapon Shop.
 34432 | Orc:2    | Found Lavy's Armour Emporium.
 34467 | Orc:2    | Bought a scroll of fog for 32 gold pieces
 34467 | Orc:2    | Bought a scroll of remove curse for 48 gold pieces
 35220 | D:14     | Found a frozen archway.
 35240 | IceCv    | Entered an ice cave
 35850 | IceCv    | Reached skill level 5 in Armour
 36019 | IceCv    | Noticed a frost giant
 36067 | IceCv    | Killed a frost giant
 36862 | D:14     | Reached skill level 5 in Spellcasting
 36863 | D:14     | Found a gate to the Vaults.
 38047 | Swamp:1  | Entered Level 1 of the Swamp
 38047 | Swamp:1  | Noticed Nikola
 38068 | Swamp:1  | Killed Nikola
 38068 | Swamp:1  | Reached skill level 1 in Evocations
 38767 | Swamp:1  | Identified the +0 whip "Lidu" {slash, rElec rPois rF-
                  | rN+++}
 39091 | Swamp:1  | Reached skill level 14 in Fighting
 39844 | Swamp:2  | Noticed a thorn hunter
 39874 | Swamp:2  | Killed a thorn hunter
 40103 | Swamp:2  | Noticed Kirke
 40323 | Swamp:1  | Killed Kirke
 40585 | Swamp:2  | Noticed Frances
 40627 | Swamp:2  | HP: 6/126 [sixfirhy[Frances] (9)]
 40628 | Swamp:2  | Slain by a sixfirhy

Skill      XL: |  1  2  3  4  5  6  7  8  9 10 11 12 13 14 15 |
---------------+----------------------------------------------+-----
Staves         | 3 7 8 9 10 11 12 | 12.0
Fighting       | 8 9 10 11 12 13 14 | 14.1
Summonings     | 2 5 7 9 10 12 13 | 13.9
Spellcasting   | 1 3 4 5 |  5.8
Hexes          | 2 5 7 8 |  8.5
Air Magic      | 1 3 5 6 |  6.1
Dodging        | 5 6 |  6.6
Armour         | 4 5 |  5.9
Ice Magic      | 1 3 |  3.4
Evocations     | 3 |  3.9
Throwing       | |  1.7

Action                   |  1- 3 |  4- 6 |  7- 9 | 10-12 | 13-15 || total
-------------------------+-------+-------+-------+-------+-------++-------
Melee: Quarterstaff      |   153 |   145 |   458 |  1010 |  2080 ||  3846
       Headbutt          |       |     5 |    96 |   214 |   539 ||   854
 Cast: Call Imp          |       |       |       |    60 |    43 ||   103
       Confuse           |       |       |       |    43 |     5 ||    48
       Summon Lightning  |       |       |       |     5 |   169 ||   174
       Summon Ice Beast  |       |       |       |       |    84 ||    84
Invok: Curse Item        |       |       |       |     7 |     1 ||     8
Evoke: Wand              |       |       |    11 |     3 |    17 ||    31
  Use: Potion            |     1 |     1 |     3 |     5 |     9 ||    19
       Scroll            |       |     4 |     1 |    10 |    19 ||    34
 Stab: Invisible         |       |       |       |     2 |       ||     2
       Distracted        |       |       |       |     5 |    22 ||    27
       Confused          |       |       |       |    18 |     7 ||    25
       Petrified         |       |       |       |     3 |       ||     3
  Eat: Chunk             |     1 |     5 |    18 |    27 |    73 ||   124
       Ration            |     1 |       |       |     6 |     9 ||    16
Armor: Chain mail        |   105 |   105 |   295 |    34 |       ||   539
       Leather armour    |     3 |       |       |       |       ||     3
       Scale mail        |       |       |       |   384 |   944 ||  1328
Dodge: Dodged            |    62 |    63 |   166 |   448 |  1004 ||  1743
Block: Other             |       |     4 |    33 |    45 |       ||    82
       Reflection        |       |       |       |     1 |       ||     1
